 Dungeon Crawl Stone Soup version 0.31.0-11-ge490571c62 (webtiles) character file.

Game seed: 14733191184995427469

50 SnakkuSnakku7 the Conjurer (level 3, -6/28 HPs)
             Began as a Merfolk Conjurer on Feb 1, 2024.
             Mangled by an iguana (10 damage)
             ... on level 2 of the Dungeon.
             The game lasted 00:01:31 (1023 turns).

SnakkuSnakku7 the Conjurer (Merfolk Conjurer)       Turns: 1023, Time: 00:01:32

Health: -6/28      AC:  6    Str:  9    XL:     3   Next: 79%
Magic:  6/6        EV:  8    Int: 17    God:
Gold:   35         SH:  0    Dex: 12    Spells: 5/6 levels left

rFire   . . .        a - +0 quarterstaff
rCold   . . .        (shield currently unavailable)
rNeg    . . .        k - +0 scale mail
rPois   .            (no helmet)
rElec   .            (no cloak)
rCorr   .            (no gloves)
SInv    .            (no boots)
Will    .....        (no amulet)
Stlth   +            (no ring)
HPRegen 0.24/turn    (no ring)
MPRegen 0.10/turn

%: no passive effects
@: no status effects
A: (nimble swimmer 2), mertail
a: no special abilities


You were on level 2 of the Dungeon.
You visited 1 branch of the dungeon, and saw 2 of its levels.

You collected 35 gold pieces.

Inventory:

Hand Weapons
 a - a +0 quarterstaff (weapon)
 e - a +0 dagger
Armour
 i - a +0 robe
 k - a +0 scale mail (worn)
Scrolls
 d - 2 scrolls of enchant armour {unknown}
 f - a scroll of poison {unknown}
 g - a scroll of identify {unknown}
 h - a scroll of butterflies {unknown}
 l - a scroll of revelation {unknown}
Potions
 b - a potion of curing {unknown}
 c - 2 potions of mutation {unknown}
 j - a potion of invisibility {unknown}
 m - a potion of berserk rage {unknown}


   Skills:
 - Level 2.5 Fighting
 + Level 1.6 Staves
 - Level 2.6 Dodging
 - Level 2.1 Stealth
 - Level 2.0 Spellcasting
 - Level 3.2 Conjurations


You had 5 spell levels left.
You knew the following spells:

 Your Spells              Type           Power      Damage    Failure   Level
a - Magic Dart            Conj           48%        1d5       41%         1

Your spell library contained the following spells:

 Spells                   Type           Power      Damage    Failure   Level
 Searing Ray              Conj           24%        2d5       54%         2
 Fulminant Prism          Conj/Alch      3%         3d5       100%        4
 Iskenderun's Mystic Bla  Conj/Tloc      7%         2d4       100%        4


Dungeon Overview and Level Annotations

Branches:
Dungeon (2/15)

Altars:

Shops:
D:1 :!?


Innate Abilities, Weirdness & Mutations

((You are very nimble when in or above water. (Stealth+, EV+, Speed+++)))
Your lower body shifts to a powerful aquatic tail in water.


Message History

The dart slug briefly extends its eye-stalks.
A quokka comes into view.
Found a glowing sling.
You sock the dart slug!
The dart slug is severely wounded.
The dart slug completely misses you.
You hit the dart slug.
The dart slug is almost dead.
The dart slug barely misses you.
You hit the dart slug but do no damage.
The dart slug is almost dead.
You closely miss the quokka.
The quokka bites you but does no damage.
The dart slug launches a dart at you.
The slug dart hits you but does no damage.
You hit the dart slug.
You kill the dart slug!
The quokka bites you.
The quokka bites you but does no damage.
You barely miss the quokka.
The quokka bites you but does no damage.
You closely miss the quokka. The quokka bites you.
The quokka completely misses you.
You closely miss the quokka. The quokka closely misses you.
You barely miss the quokka. The quokka barely misses you. The quokka bites you.
You thump the quokka!
You kill the quokka!
An iguana comes into view.
The iguana hisses angrily.
The iguana barely misses you.
You closely miss the iguana. The iguana bites you! The iguana bites you.
You closely miss the iguana. The iguana barely misses you.
You hit the iguana but do no damage.
The iguana bites you but does no damage.
You barely miss the iguana.
The iguana bites you but does no damage.
You barely miss the iguana. The iguana bites you!
* * * LOW HITPOINT WARNING * * *
The iguana bites you!
You die...

############
#..........##
.##l@......#
#.......†..#
#.##.####...# # #.
#...# # #. #...#
##### #.# #...# #....
##.####...######.###
.............(...###
###.####.#...........


You could see an iguana.

Vanquished Creatures
  2 adders (D:2)
  A dart slug (D:2)
  3 ball pythons
  5 endoplasms
  2 giant cockroaches
  5 goblins (D:1)
  A hobgoblin (D:1)
  4 quokkas
  A kobold (D:2)
  2 rats
26 creatures vanquished.

Notes
Turn   | Place    | Note
-------+----------+-------------------------------------------
     0 | D:1      | SnakkuSnakku7 the Merfolk Conjurer began the quest for the
                  | Orb.
     0 | D:1      | Reached XP level 1. HP: 13/13 MP: 3/3
    71 | D:1      | Found Kutonixt's Book Boutique.
   103 | D:1      | Reached skill level 1 in Fighting
   238 | D:1      | Found Dauf's Distillery.
   252 | D:1      | Reached XP level 2. HP: 22/22 MP: 1/5
   399 | D:1      | Found Vaodgh's Magic Scroll Shop.
   639 | D:2      | Reached XP level 3. HP: 28/28 MP: 6/6
   656 | D:2      | Reached skill level 1 in Staves
  1023 | D:2      | Mangled by an iguana

Illustrated notes

Levels and vault maps discovered:
D:1:      dpeg_arrival_fog, layout_rooms, serial_shops,
          nicolae_shop_advertising_works [nicolae_subvault_shop_adworks],
          nicolae_shop_stone, shop
D:2:      layout_loops_ring, serial_shops, nicolae_shop_just_a_little_nook

Skill      XL: |  1  2  3 |
---------------+----------+-----
Fighting       | 1 2 |  2.5
Staves         | 1 |  1.6
Dodging        | |  2.6
Stealth        | |  2.1
Spellcasting   | |  2.0
Conjurations   | |  3.2

Action                     || total
---------------------------++-------
  Melee: Unarmed           ||     6
         Dagger            ||    27
         Quarterstaff      ||    44
   Cast: Magic Dart        ||    22
    Use: Potion            ||     1
 Armour: Robe              ||    20
         Scale mail        ||    30
  Dodge: Dodged            ||    45
